 Dungeon Crawl Stone Soup version 0.32-a0-913-g739538afd8 (webtiles) character file.

Game seed: 3926169165305681825

462 Dazliare the Conjurer (level 7, -1/46 HPs)
             Began as a Coglin Alchemist on Apr 9, 2024.
             Killed by divine providence
             ... invoked by an orc priest
              (12 damage)
             ... on level 4 of the Dungeon.
             The game lasted 00:05:56 (2601 turns).

Dazliare the Conjurer (Coglin Alchemist)            Turns: 2601, Time: 00:05:57

Health: -1/46      AC: 12    Str:  8    XL:     7   Next: 7%
Magic:  3/13       EV: 10    Int: 16    God:
Gold:   148        SH:  0    Dex: 15    Spells: 0/14 levels left

rFire   . . .        n - +2 dagger (venom) {Kulveer}
rCold   . . .        f - +1 hand axe (elec) {Malki}
rNeg    . . .        h - +3 leather armour "Gogim" {Slay+3 SInv}
rPois   .            q - +2 helmet
rElec   .            (no cloak)
rCorr   .            (no gloves)
SInv    +            r - +2 pair of boots
Will    .....        (amulet unavailable)
Stlth   ++           (ring unavailable)
HPRegen 0.27/turn    (ring unavailable)
MPRegen 0.13/turn    (no gizmo)

%: no passive effects
@: lethally poisoned (-1 -> -4), attractive, very slightly contaminated
A: off-hand wielding, slow wielding, warmup strikes, no jewellery
a: Invent Gizmo, Convert to Beogh


You were on level 4 of the Dungeon.
You visited 1 branch of the dungeon, and saw 4 of its levels.

You collected 148 gold pieces.

Inventory:

Hand Weapons
 f - a +1 hand axe of electrocution (offhand) {Malki}
 j - a +2 short sword of speed {Isolde}
 n - a +2 dagger of venom (weapon) {Kulveer}
Armour
 h - the +3 leather armour "Gogim" (worn) {Slay+3 SInv}
   (You found it on level 2 of the Dungeon)

   Slay+3:    It affects your accuracy & damage with ranged weapons and melee
   (+3).
   SInv:      It lets you see invisible.
 q - a +2 helmet (worn)
 r - a +2 pair of boots (worn)
Scrolls
 a - a scroll of identify {unknown}
 k - a scroll of teleportation {unknown}
 m - a scroll of amnesia {unknown}
 o - a scroll of enchant armour {unknown}
Potions
 b - a potion of magic
 c - a potion of brilliance {unknown}
 d - a potion of attraction
 e - a potion of curing {unknown}
 g - a potion of heal wounds {unknown}
 l - a potion of lignification {unknown}
 p - a potion of degeneration {unknown}


   Skills:
 - Level 1.7 Dodging
 - Level 1.5 Stealth
 - Level 4.0 Spellcasting
 - Level 5.0 Conjurations
 * Level 3.4 Alchemy


You couldn't memorise any spells.
You knew the following spells:

 Your Spells              Type           Power      Damage    Failure   Level
a - Sting                 Conj/Alch      64%        1d7       4%          1
b - Mercury Vapours       Alch/Air       16%        N/A       19%         2
c - Mephitic Cloud        Conj/Alch/Air  12%        N/A       22%         3
d - Olgreb's Toxic Radia  Alch           14%        N/A       52%         4
e - Sticky Flame          Fire/Alch      8%         2d4       77%         4

Your spell library contained the following spells:

 Spells                   Type           Power      Damage    Failure   Level


Dungeon Overview and Level Annotations

Branches:
Dungeon (4/15)
 Temple: D:4-7

Altars:
Ru


Innate Abilities, Weirdness & Mutations

You can wield a second weapon in your off-hand.
It takes a long time for you to wield or remove held weapons.
Your first few attacks do less damage.
You cannot equip rings or amulets.


Message History

Unknown command.
You are too injured to fight recklessly!
Aiming: Sting (safe; 4% risk of failure)
Press: ? - help, Q - select action, (/) - cycle Shift-Dir - straight line, f/p - orc priest
Aim: an orc priest, wielding a staff of air and wearing a +0 leather armour (very poisoned, weak, 74% to hit)
The sting hits the orc priest.
The orc priest looks even sicker.
The orc priest is lightly wounded.
You feel very sick.
The orc priest shouts, "Surrender to Beogh and we'll let you live!"
The orc priest barely misses you.
Unknown command.
Aiming: Sting (safe; 4% risk of failure)
Press: ? - help, Q - select action, (/) - cycle Shift-Dir - straight line, f/p - orc priest
Aim: an orc priest, wielding a staff of air and wearing a +0 leather armour (moderately wounded, very poisoned, weak, 74% to hit)
The sting hits the orc priest but does no damage.
The orc priest looks as sick as possible!
The orc priest is moderately wounded.
You feel sick.
The orc priest hits you but does no damage.
Unknown command.
Aiming: Sting (safe; 4% risk of failure)
Press: ? - help, Q - select action, (/) - cycle Shift-Dir - straight line, f/p - orc priest
Aim: an orc priest, wielding a staff of air and wearing a +0 leather armour (severely wounded, extremely poisoned, weak, 74% to hit)
The sting hits the orc priest but does no damage.
The orc priest looks as sick as possible!
The orc priest is severely wounded.
The orc priest shouts!
The orc priest shouts, "Surrender to Beogh and we'll let you live!"
You feel sick.
The orc priest shouts, "Surrender to Beogh and we'll let you live!"
The orc priest miscasts a cantrip.
Unknown command.
Unknown command.
You feel sick.
It was a potion of attraction.
You feel attractive to monsters.
You feel sick. The orc priest barely misses you.
The orc priest invokes the aid of Beogh against you.
Beogh smites you!
You die...

#.###.#.......#.###.#
# ## ###.#.#####.#.#
#.. #..............
... #.#.#.#####... .
#.#.#.#####..###
#......[.......
#.#....####..##.
#.#....####.....
#......@........
#.#.....o...###
#.#.........#
................
##.#.###.###.####
#.#. #.# .# # #. #o.
. #.# # #.# #. ...


You could see 2 orc priests.

Vanquished Creatures
  Sigmund (D:2)
  3 iguanas
  An orc wizard (D:3)
  Natasha (thrice) (D:2)
  An adder (D:3)
  3 gnolls (D:4)
  4 dart slugs (D:1)
  9 orcs
  7 bats
  6 endoplasms
  8 giant cockroaches
  7 goblins
  4 hobgoblins
  4 quokkas
  7 ball pythons
  2 frilled lizards
  4 kobolds
  6 rats
80 creatures vanquished.

Notes
Turn   | Place    | Note
-------+----------+-------------------------------------------
     0 | D:1      | Dazliare the Coglin Alchemist began the quest for the Orb.
     0 | D:1      | Reached XP level 1. HP: 13/13 MP: 3/3
    26 | D:1      | Reached skill level 1 in Conjurations
    65 | D:1      | Found a faded altar of an unknown god.
   236 | D:1      | Reached XP level 2. HP: 19/19 MP: 1/5
   374 | D:1      | Learned a level 2 spell: Mercury Vapours
   510 | D:1      | Reached XP level 3. HP: 24/24 MP: 6/6
   514 | D:1      | Learned a level 3 spell: Mephitic Cloud
   913 | D:2      | Noticed Natasha
   921 | D:2      | Killed Natasha
   937 | D:2      | Reached skill level 2 in Conjurations
  1063 | D:2      | Identified the +3 leather armour "Gogim" {Slay+3 SInv}
  1130 | D:2      | Reached XP level 4. HP: 30/30 MP: 8/8
  1148 | D:2      | Noticed Sigmund
  1165 | D:2      | Killed Sigmund
  1166 | D:2      | Reached skill level 3 in Conjurations
  1166 | D:2      | Reached XP level 5. HP: 27/35 MP: 1/11
  1374 | D:2      | Noticed Natasha
  1382 | D:2      | Killed Natasha
  1383 | D:2      | Reached XP level 6. HP: 41/41 MP: 7/12
  1645 | D:2      | Noticed Natasha
  1650 | D:2      | Killed Natasha
  1778 | D:3      | Found a sacrificial altar of Ru.
  1805 | D:3      | Reached skill level 4 in Conjurations
  1810 | D:3      | Learned a level 4 spell: Olgreb's Toxic Radiance
  2382 | D:4      | Reached skill level 5 in Conjurations
  2382 | D:4      | Reached XP level 7. HP: 36/46 MP: 7/13
  2428 | D:4      | Learned a level 4 spell: Sticky Flame
  2601 | D:4      | Killed from afar by an orc priest

Illustrated notes

Levels and vault maps discovered:
D:1:      dpeg_arrival_fog, layout_loops_cross,
          shapermc_ecumenical_altar_acropolis, dk_noncrumbling_3
D:2:      layout_basic, uniq_natasha, uniq_sigmund
D:3:      layout_rooms, nicolae_ru_awakened_eye
D:4:      layout_basic

Skill      XL: |  1  2  3  4  5  6 |
---------------+-------------------+-----
Conjurations   | 1 2 3 5 |  5.0
Spellcasting   | 2 3 4 |  4.0
Dodging        | |  1.7
Stealth        | |  1.5
Alchemy        | |  3.4

Action                     |  1- 3 |  4- 6 |  7- 9 || total
---------------------------+-------+-------+-------++-------
  Melee: Unarmed           |     8 |       |       ||     8
         Mace              |    17 |    11 |       ||    28
         Hand axe          |    15 |    49 |     9 ||    73
         Short sword       |       |    21 |       ||    21
         Dagger            |       |    19 |     9 ||    28
   Cast: Sting             |    16 |     5 |     3 ||    24
         Mercury Vapours   |     1 |     9 |     1 ||    11
         Mephitic Cloud    |       |     2 |       ||     2
    Use: Potion            |       |       |     1 ||     1
   Stab: Sleeping          |     3 |     3 |       ||     6
         Confused          |       |     1 |       ||     1
 Armour: Robe              |    12 |       |       ||    12
         Leather armour    |     1 |    47 |     8 ||    56
  Dodge: Dodged            |    10 |    45 |     7 ||    62

Table legend: (Time is in decaauts)
 A = Elapsed time spent in this place.
 B = Non-inter-level travel time spent in this place.
 C = Inter-level travel time spent in this place.
 D = Time resting spent in this place.
 E = Time spent auto-exploring this place.
 F = Levels seen in this place.
 G = Mean time per level.
                   A        B        C        D        E       F      G
               +--------+--------+--------+--------+--------+-----+--------+
         Total |   2620 |   2524 |     96 |    372 |   1488 |   4 |  655.0 |
       Dungeon |   2620 |   2524 |     96 |    372 |   1488 |   4 |  655.0 |
               +--------+--------+--------+--------+--------+-----+--------+

Top non-repeatable levels by time:
     D:1: 899 daAuts
     D:2: 856 daAuts
     D:3: 512 daAuts
     D:4: 352 daAuts
